 Dungeon Crawl Stone Soup version 0.25-a0-578-gc91f01c (webtiles) character file.

Game seed: 1971208366302511904, levelgen mode: deterministic

5082 Faels the Slicer (level 10, -3/63 HPs)
             Began as a Kobold Fighter on Mar 6, 2020.
             Was a Believer of Okawaru.
             Slain by an orc warrior
             ... wielding a +0 bardiche
              (23 damage)
             ... in a bailey.
             The game lasted 00:42:30 (10189 turns).

Faels the Slicer (Kobold Fighter)                  Turns: 10189, Time: 00:42:30

Health: -3/63      AC:  6    Str: 14    XL:     10   Next: 87%
Magic:  0/10       EV: 13    Int:  9    God:    Okawaru [**....]
Gold:   101        SH: 12    Dex: 18    Spells: 6/9 levels left

rFire    . . .     SeeInvis .   C - +1 rapier (drain)
rCold    . . .     Gourm    .   c - +3 kite shield
rNeg     + . .     Faith    .   j - +0 leather armour {rN+}
rPois    .         Spirit   +   w - +0 helmet
rElec    .         Reflect  .   a - +0 cloak
rCorr    .         Harm     .   x - +0 pair of gloves
MR       .....                  (no boots)
Stlth    ++++......             H - amulet of guardian spirit
HPRegen  0.20/turn              (no ring)
MPRegen  0.12/turn              (no ring)

@: no status effects
A: small, hooves 1, carnivore, evolution 1
a: Heroism, Renounce Religion


You were in a bailey.
You worshipped Okawaru.
Okawaru was pleased with you.
You were very full.

You visited 2 branches of the dungeon, and saw 9 of its levels.
You also visited: Sewer and Bailey.

You collected 621 gold pieces.
You spent 520 gold pieces at shops.

Inventory:

Hand Weapons
 d - a +2 dagger of holy wrath
 q - a +2 vampiric dagger
 r - a +3 dagger of venom
 B - a +0 short sword of protection
 C - a +1 rapier of draining (weapon)
 M - a +0 trident of venom
Missiles
 g - 44 poisoned darts (quivered)
 t - 3 atropa-tipped darts
Armour
 a - a +0 cloak (worn)
 c - a +3 kite shield (worn)
 j - a +0 leather armour of positive energy (worn)
 w - a +0 helmet (worn)
 x - a +0 pair of gloves (worn)
 L - a +2 robe of cold resistance
 O - a +1 ring mail of magic resistance
Magical Staves
 E - a cursed staff of air {unknown}
Jewellery
 u - an uncursed amulet of regeneration
 H - an amulet of guardian spirit (around neck)
 K - an uncursed amulet of regeneration
Wands
 b - a wand of flame (8)
 y - a wand of polymorph (22)
 F - a wand of acid (5)
Scrolls
 i - 4 scrolls of amnesia
 o - a scroll of teleportation
 p - 5 scrolls of random uselessness
 z - a scroll of identify
 D - 2 scrolls of fear
Potions
 e - 3 potions of stabbing
 h - 2 potions of brilliance
 k - 2 potions of ambrosia
 m - 4 potions of degeneration
 n - a potion of resistance
 s - 2 potions of flight {unknown}
 v - 2 potions of magic
 G - a potion of curing
Miscellaneous
 Q - a tin of tremorstones
Comestibles
 f - 19 rations
 l - 12 chunks of flesh


   Skills:
 + Level 7.2 Fighting
 - Level 14.0 Short Blades
 + Level 2.7 Throwing
 - Level 2.4 Armour
 + Level 3.5 Dodging
 + Level 10.6 Stealth
 - Level 2.9 Shields


You had 6 spell levels left.
You knew the following spells:

 Your Spells              Type           Power        Failure   Level  Hunger
a - Shock                 Conj/Air       #...         95%         1    ##.....
b - Swiftness             Chrm/Air       #.......     99%         2    ###....

Your spell library contained the following spells:

 Spells                   Type           Power        Failure   Level  Hunger
 Corona                   Hex            #......      95%         1    ##.....
 Sting                    Tmut/Pois      #...         95%         1    ##.....
 Poisonous Vapours        Pois/Air       #.....       99%         2    ###....
 Slow                     Hex            #.......     99%         2    ###....
 Ignite Poison            Fire/Tmut/Pois #.......     100%        3    ####...
 Inner Flame              Hex/Fire       #.......     100%        3    ####...
 Mephitic Cloud           Conj/Pois/Air  #.......     100%        3    ####...
 Portal Projectile        Hex/Tloc       #.....       100%        3    ####...
 Static Discharge         Conj/Air       #.......     100%        3    ####...
 Airstrike                Air            #.........   100%        4    #####..
 Cause Fear               Hex            #.........   100%        4    #####..
 Leda's Liquefaction      Hex/Erth       #.........   100%        4    #####..
 Olgreb's Toxic Radiance  Pois           #.......     100%        4    #####..
 Lightning Bolt           Conj/Air       #.........   100%        5    ######.


Dungeon Overview and Level Annotations

Branches:
Dungeon (8/15)             Temple (1/1) D:7           Sewer (visited)
 Bailey (1/1)
   Lair: D:8-11

Altars:
Cheibriados
Dithmenos
Elyvilon
Fedhas
Hepliaklqana
Kikubaaqudgha
Makhleb
Nemelex Xobeh
Okawaru
Qazlal
Ru
Sif Muna
Trog
Uskayaw
Wu Jian
Xom
Yredelemnul
Zin
The Shining One

Shops:
D:7 :

Annotations:
D:4 1 runed translucent door, Tenaya's ghost, novice DrTm
D:6 2 runed translucent doors


Innate Abilities, Weirdness & Mutations

You are small and have problems with some larger weapons.
You are carnivorous and can eat meat at any time.
You have large cloven feet.
You evolve.


Message History

The orc warrior is heavily wounded.
You block the orc warrior's attack. x2; The orc hits you with a +0 war axe.
You hit the orc warrior but do no damage.
You drain the orc warrior.
You kick the orc warrior, but do no damage.
The orc warrior is severely wounded.
The orc warrior closely misses you.
You barely miss the orc warrior.
The orc warrior is severely wounded.
The orc misses you.
The orc warrior hits you with a +0 bardiche!
* * * LOW HITPOINT WARNING * * *
You completely miss the orc warrior.
The orc warrior is severely wounded.
You feel like a meek peon again. You block the orc warrior's attack.
You feel better. You block the orc warrior's attack.
You block the orc's attack.
The orc warrior hits you with a +0 bardiche!!
You die...

#.......#
#∩.....∩#
#.......#
#.......#
#.......#
#..)....#
#.......#
#..))...#
#..)@o..#
#..)oo))#
##...))##
###'###
#...#
#...#
#.(.#
#.).#
##)##


You could see 2 orc warriors and an orc.

Vanquished Creatures
  A centaur warrior (D:8)
  Joseph (D:8)
  A troll (D:5)
  A wraith (D:6)
  A yak (D:6)
  A hungry ghost (D:7)
  5 orc warriors
  2 sky beasts
  2 phantoms
  2 ogres
  4 centaurs
  A crocodile (Sewer)
  A bullfrog (D:5)
  A wyvern skeleton (D:7)
  A scorpion (D:5)
  2 howler monkeys
  5 crimson imps
  6 hounds
  A bullfrog zombie (D:6)
  4 jellies
  Crazy Yiuf (D:6)
  4 orc priests
  A quasit (D:7)
  3 centaur skeletons
  6 iguanas
  7 orc wizards
  10 worker ants
  A hound zombie (D:7)
  A hound skeleton (D:8)
  Robin (D:2)
  A howler monkey zombie (D:8)
  8 gnolls
  6 adders
  2 river rats (D:5)
  2 shadow imps (D:5)
  7 oozes
  An adder zombie (D:6)
  4 worms
  2 dart slugs (D:1)
  4 leopard geckos
  59 orcs
  5 giant cockroaches
  21 goblins
  6 hobgoblins
  5 jackals
  8 quokkas
  4 ball pythons
  12 bats
  8 frilled lizards
  A giant cockroach zombie (D:5)
  10 kobolds
  A leopard gecko skeleton (D:4)
  14 rats
269 creatures vanquished.

Vanquished Creatures (others)
  An orc (D:5)
1 creature vanquished.

Grand Total: 270 creatures vanquished

Notes
Turn   | Place    | Note
-------+----------+-------------------------------------------
     0 | D:1      | Faels the Kobold Fighter began the quest for the Orb.
     0 | D:1      | Reached XP level 1. HP: 14/14 MP: 1/1
   184 | D:1      | Reached skill level 3 in Short Blades
   254 | D:1      | Reached XP level 2. HP: 19/19 MP: 2/2
   320 | D:1      | Reached skill level 1 in Dodging
   641 | D:1      | Reached XP level 3. HP: 9/23 MP: 3/3
   901 | D:1      | Reached skill level 1 in Stealth
  1452 | D:2      | Reached skill level 4 in Short Blades
  1693 | D:2      | Reached XP level 4. HP: 29/29 MP: 4/4
  2202 | D:2      | Found a glowing golden altar of the Shining One.
  2206 | D:2      | Noticed an angel
  2223 | D:2      | Found a basalt altar of Yredelemnul.
  2225 | D:2      | Noticed a profane servitor
  2274 | D:2      | Noticed Robin
  2286 | D:2      | Killed Robin
  2288 | D:2      | Reached skill level 1 in Throwing
  2290 | D:2      | Reached XP level 5. HP: 33/33 MP: 5/5
  2465 | D:2      | Found a hide-covered altar of Uskayaw.
  3431 | D:3      | Found a glowing silver altar of Zin.
  3489 | D:3      | Found a sparkling altar of Nemelex Xobeh.
  3670 | D:4      | Reached skill level 5 in Short Blades
  3670 | D:4      | Reached XP level 6. HP: 36/38 MP: 6/6
  3925 | D:4      | Found a runed translucent door.
  3932 | D:4      | Noticed Tenaya's ghost (novice DrTm)
  4026 | D:4      | Reached XP level 7. HP: 44/44 MP: 7/7
  4076 | D:4      | Reached skill level 6 in Short Blades
  4076 | D:4      | Reached skill level 5 in Stealth
  4302 | D:5      | Entered Level 5 of the Dungeon
  4489 | D:5      | Reached skill level 5 in Fighting
  4514 | D:5      | Found a glowing drain.
  4525 | Sewer    | Entered a sewer
  4632 | Sewer    | Reached skill level 7 in Short Blades
  4842 | D:5      | Reached XP level 8. HP: 49/49 MP: 8/8
  5165 | D:5      | Found a shadowy altar of Dithmenos.
  5538 | D:5      | Reached skill level 8 in Short Blades
  5570 | D:5      | Found a shimmering altar of Xom.
  6130 | D:5      | Reached skill level 9 in Short Blades
  6130 | D:5      | Reached XP level 9. HP: 49/55 MP: 7/9
  6172 | D:5      | Noticed a troll
  6207 | D:5      | Killed a troll
  6922 | D:6      | Reached skill level 10 in Short Blades
  6922 | D:6      | Reached skill level 10 in Stealth
  6970 | D:6      | Found a large runed translucent door.
  6970 | D:6      | Found a large runed translucent door.
  7398 | D:6      | Found a large runed translucent door.
  7398 | D:6      | Found a large runed translucent door.
  8044 | D:6      | Found a runed translucent door.
  8045 | D:6      | Noticed Crazy Yiuf
  8056 | D:6      | Killed Crazy Yiuf
  8303 | D:7      | Found a blossoming altar of Fedhas.
  8453 | D:7      | Reached XP level 10. HP: 36/63 MP: 5/10
  8610 | D:7      | Found a staircase to the Ecumenical Temple.
  8614 | D:7      | Reached skill level 11 in Short Blades
  8646 | Temple   | Entered the Ecumenical Temple
  8684 | Temple   | Became a worshipper of Warmaster Okawaru
  8793 | D:7      | Found a bloodstained altar of Trog.
  8917 | D:7      | Reached skill level 12 in Short Blades
  8997 | D:7      | Gained mutation: You evolve. [potion of mutation]
  8997 | D:7      | Gained mutation: You have large cloven feet. [potion of
                  | mutation]
  9011 | D:7      | Learned a level 1 spell: Shock
  9014 | D:7      | Learned a level 2 spell: Swiftness
  9110 | D:7      | Found Deoran's Book Boutique.
  9114 | D:7      | Bought a Young Poisoner's Handbook for 520 gold pieces
  9452 | D:8      | Noticed Joseph
  9453 | D:8      | Noticed a centaur warrior
  9486 | D:8      | Killed Joseph
  9486 | D:8      | Reached * piety under Okawaru
  9486 | D:8      | Reached skill level 13 in Short Blades
  9555 | D:8      | Killed a centaur warrior
  9636 | D:8      | Reached ** piety under Okawaru
  9636 | D:8      | Reached skill level 14 in Short Blades
  9699 | D:8      | Found a flagged portal.
  9706 | D:8      | Found a sacrificial altar of Ru.
  9777 | Bailey   | Entered a bailey
 10189 | Bailey   | Slain by an orc warrior

Levels and vault maps discovered:
D:1:      lightli_molten_gateway, layout_basic, minmay_misc_feat_pillars,
          minivault_14
D:2:      layout_loops_ring, grunt_temple_overflow_holy_war,
          eat_drink_and_be_merry_uskayaw, minmay_increasing_density, uniq_robin
D:3:      layout_loops_ring, lemuel_round_altar, zin_scriptorium
D:4:      layout_basic, gammafunk_ghost_grave, first_ration,
          hangedman_decor_slide_cut
D:5:      kennysheep_windowed_halls, layout_gridville, marbit_many_paths,
          nicolae_dithmenos_shadow_blocks, portal_sewer_entry_b,
          grunt_decor_one_mirror
D:6:      layout_basic, minmay_hollow_rounded_squares, uniq_crazy_yiuf_cottage
D:7:      layout_basic, old_standard_altar, minmay_temple_entry_tees,
          serial_shops, shop, trog_butcher_becter
D:8:      layout_rooms, old_standard_altar, lemuel_coloured_pillars_altar,
          enter_bailey_3, hangedman_little_slice_of_home,
          kennysheep_generic_room_2, uniq_joseph
Temple:   eino_temple_lava
Bailey:   bailey_polearm_5, bailey

Skill      XL: |  1  2  3  4  5  6  7  8  9 10 |
---------------+-------------------------------+-----
Short Blades   | 3 4 5 7 9 10 14 | 14.0
Dodging        | 1 2 3 |  3.5
Stealth        | 1 2 3 4 6 8 10 | 10.6
Throwing       | 1 2 |  2.7
Fighting       | 4 5 6 7 |  7.2
Armour         | |  2.4
Shields        | |  2.9

Action                   |  1- 3 |  4- 6 |  7- 9 | 10-12 || total
-------------------------+-------+-------+-------+-------++-------
Melee: Rapier            |    93 |       |    28 |   202 ||   323
       Dagger            |    37 |   151 |   484 |       ||   672
       Short sword       |       |   149 |    89 |       ||   238
       Kick              |       |       |       |    49 ||    49
Throw: Dart              |     2 |    25 |    30 |     8 ||    65
Invok: Heroism           |       |       |       |     2 ||     2
Evoke: Wand              |       |       |       |     7 ||     7
  Use: Scroll            |       |     7 |    11 |     4 ||    22
       Potion            |       |     1 |     6 |     5 ||    12
 Stab: Sleeping          |       |     5 |     9 |     4 ||    18
  Eat: Chunk             |    11 |     8 |    14 |    16 ||    49
Armor: Scale mail        |    36 |       |       |       ||    36
       Ring mail         |    22 |    55 |    57 |    18 ||   152
       Leather armour    |       |    11 |    33 |    12 ||    56
Dodge: Dodged            |    57 |    67 |   191 |    48 ||   363
Block: Kite shield       |    66 |   137 |   289 |   104 ||   596

Table legend:
 A = Non-vault XP
 B = Vault XP
 C = Vault XP percentage of total XP
 D = Non-vault monster count
 E = Vault monster count
 F = Vault count percentage of total count
                 A         B        C        D         E       F
            +---------+---------+-------+---------+---------+-------
      Total |    4329 |    2931 |  40.4 |     174 |      96 |  35.6
            +---------+---------+-------+---------+---------+-------
        D:1 |      41 |       0 |   0.0 |      25 |       0 |   0.0
        D:2 |      62 |      49 |  44.1 |      18 |      21 |  53.8
        D:3 |      78 |       0 |   0.0 |      23 |       0 |   0.0
        D:4 |     450 |       0 |   0.0 |      28 |       0 |   0.0
        D:5 |     821 |     780 |  48.7 |      31 |      23 |  42.6
        D:6 |     542 |     669 |  55.2 |      22 |      10 |  31.2
        D:7 |    1184 |     238 |  16.7 |      19 |       4 |  17.4
        D:8 |    1151 |     618 |  34.9 |       8 |      11 |  57.9
      Sewer |       0 |     116 | 100.0 |       0 |       6 | 100.0
     Bailey |       0 |     461 | 100.0 |       0 |      21 | 100.0
            +---------+---------+-------+---------+---------+-------
